 Dungeon Crawl Stone Soup version 0.28-a0-476-g0f06bd746f (webtiles) character file.

Game seed: 17584367293446445284

116 frimble the Stinger (level 5, -2/32 HPs)
             Began as an Octopode Venom Mage on Sept 17, 2021.
             Slain by a scorpion (10 damage)
             ... on level 4 of the Dungeon.
             The game lasted 00:03:27 (4137 turns).

frimble the Stinger (Octopode Venom Mage)           Turns: 4137, Time: 00:03:27

Health: -2/32      AC:  1    Str:  7    XL:     5   Next: 1%
Magic:  2/8        EV: 13    Int: 19    God:
Gold:   119        SH:  0    Dex: 12    Spells: 3/8 levels left

rFire   . . .      SeeInvis .   e - +0 rapier
rCold   . . .      Faith    .   (no shield)
rNeg    . . .      Spirit   .   (helmet restricted)
rPois   .          Reflect  .   (no amulet)
rElec   .          Harm     .   (no ring)
rCorr   .          Rampage  .   (no ring)
Will    .....                   (no ring)
Stlth   ++++......              (no ring)
HPRegen 0.10/turn               (no ring)
MPRegen 0.11/turn               (no ring)
                                (no ring)
                                (no ring)

@: lethally poisoned (-2 -> -3), very slightly contaminated
A: almost no armour, amphibious, 8 rings, camouflage 1, gelatinous body 1,
(nimble swimmer 1), tentacles
a: no special abilities


You were on level 4 of the Dungeon.
You visited 1 branch of the dungeon, and saw 4 of its levels.

You collected 119 gold pieces.

Inventory:

Hand Weapons
 b - a +0 dagger
 e - a +0 rapier (weapon)
Armour
 c - a +0 kite shield
Jewellery
 j - a ring of magical power
Wands
 g - a wand of polymorph (8)
Scrolls
 f - 3 scrolls of identify
 h - a scroll of enchant weapon {unknown}
 i - a scroll of blinking {unknown}
Potions
 a - a potion of lignification
 d - 3 potions of might


   Skills:
 + Level 0.4 Fighting
 + Level 2.0 Short Blades
 - Level 2.0 Dodging
 + Level 4.3 Stealth
 - Level 1.5 Shields
 - Level 2.0 Spellcasting
 - Level 1.0 Transmutations
 + Level 4.6 Poison Magic


You had 3 spell levels left.
You knew the following spells:

 Your Spells              Type           Power      Damage    Failure   Level
a - Sting                 Tmut/Pois      48%        1d5       5%          1
b - Olgreb's Toxic Radia  Pois           19%        N/A       26%         4

Your spell library contained the following spells:

 Spells                   Type           Power      Damage    Failure   Level
 Poisonous Vapours        Pois/Air       20%        N/A       10%         2
 Mephitic Cloud           Conj/Pois/Air  7%         N/A       26%         3
 Stone Arrow              Conj/Erth      2%         3d7       45%         3
 Lehudib's Crystal Spear  Conj/Erth      0%         10d2      100%        8
 Animate Armour           Summ/Erth      Unusable   N/A       N/A         4

Dungeon Overview and Level Annotations

Branches:
Dungeon (4/15)
 Temple: D:4-7

Altars:
Kikubaaqudgha
Xom

Annotations:
D:3 exclusion: ice beast, Terence


Innate Abilities, Weirdness & Mutations

You cannot wear most types of armour.
You are amphibious.
You can wear up to eight rings at the same time.
Your skin changes colour to match your surroundings (Stealth+).
Your rubbery body absorbs attacks. (AC +1, EV +1)
((You are camouflaged near water. (Stealth+)))
You have tentacles for arms and can constrict up to eight enemies at once.


Message History

You have reached level 5!
You feel clever.
You puncture the endoplasm!
You kill the endoplasm!
Unknown command.
A scorpion comes into view.
A scorpion is nearby!
A scorpion is nearby!
A scorpion is nearby!
Casting: Sting (safe; 5% risk of failure)
Confirm with . or Enter, or press ? or * to list all spells.
The spell is extremely dangerous to cast (26% risk of failure)!
Continue anyway?
You miscast Olgreb's Toxic Radiance.
You are very lightly contaminated with residual magic.
You feel rather nauseous for a moment!
You are poisoned.
You feel sick.
Unknown command.
You feel sick.
Casting: Olgreb's Toxic Radiance (extremely dangerous; 26% risk of failure)
Confirm with . or Enter, or press ? or * to list all spells.
You can't see any susceptible monsters within range! (Use Z to cast anyway.) Unknown command.
You feel sick.
Casting: Olgreb's Toxic Radiance (extremely dangerous; 26% risk of failure)
Confirm with . or Enter, or press ? or * to list all spells.
Aiming: Sting (safe; 5% risk of failure)
Press: ? - help, Shift-Dir - straight line, f - scorpion
Aim: a scorpion (71% to hit)
The sting hits the scorpion but does no damage.
The scorpion is poisoned.
You feel sick.
Casting: Sting (safe; 5% risk of failure)
Confirm with . or Enter, or press ? or * to list all spells.
Aiming: Sting (safe; 5% risk of failure)
Press: ? - help, Shift-Dir - straight line, f/p - scorpion
Aim: a scorpion (lightly wounded, poisoned, 71% to hit)
The sting hits the scorpion.
The scorpion looks even sicker.
The scorpion is heavily wounded.
You feel sick. The scorpion stings you!
You die...

#+ #### ####.###+###...##
.................#
.................#
#..................#
#........)..@......#
#..........s.......#
#...##.....#################
##...##.....##...###..#..#...
.............#...............
[....$.......+...............
...(.........#...............
##...##......#...##+####.....
#... #.....##...# .##.....


You could see a scorpion (very poisoned).

Vanquished Creatures
  A hound skeleton (D:4)
  3 adders
  2 worms (D:3)
  3 dart slugs
  5 ball pythons
  10 endoplasms
  A giant cockroach (D:2)
  6 goblins
  3 hobgoblins
  4 jackals (D:2)
  4 kobolds
  5 quokkas
  7 bats
  2 frilled lizards
  6 rats
62 creatures vanquished.

Notes
Turn   | Place    | Note
-------+----------+-------------------------------------------
     0 | D:1      | frimble the Octopode Venom Mage began the quest for the
                  | Orb.
     0 | D:1      | Reached XP level 1. HP: 11/11 MP: 3/3
   372 | D:1      | Reached XP level 2. HP: 11/17 MP: 0/5
   587 | D:1      | Found a faded altar of an unknown god.
   989 | D:1      | Reached skill level 1 in Short Blades
  1446 | D:2      | Reached XP level 3. HP: 21/21 MP: 6/6
  1576 | D:2      | Reached skill level 1 in Shields
  1830 | D:2      | HP: 1/21 [poisoned by an adder]
  2321 | D:2      | Found a shimmering altar of Xom.
  2347 | D:2      | Reached XP level 4. HP: 18/27 MP: 7/7
  2767 | D:3      | Learned a level 4 spell: Olgreb's Toxic Radiance
  3726 | D:3      | Noticed an ice beast
  3727 | D:3      | Noticed Terence
  3812 | D:3      | Found an ancient bone altar of Kikubaaqudgha.
  4069 | D:4      | Reached XP level 5. HP: 16/32 MP: 8/8
  4137 | D:4      | Slain by a scorpion

Illustrated notes

Levels and vault maps discovered:
D:1:      dpeg_arrival_simpleton_b, layout_loops_ring,
          ebering_ecumenical_altar_abandoned, serial_park_tiny_pond,
          corexii_corridor_pit, palyth_stone_intersect
D:2:      layout_basic, basic_altar, st_stairs_14
D:3:      layout_loops_cross, mainiacjoe_overflow_alcove_4,
          general_overflow_altar, uniq_terence
D:4:      layout_gridville

Skill      XL: |  1  2  3  4 |
---------------+-------------+-----
Stealth        | 3 4 |  4.3
Poison Magic   | 4 |  4.6
Short Blades   | 1 2 |  2.0
Shields        | 1 |  1.5
Fighting       | |  0.4
Dodging        | |  2.0
Spellcasting   | |  2.0
Transmutations | |  1.0

Action                   |  1- 3 |  4- 6 || total
-------------------------+-------+-------++-------
Melee: Dagger            |    33 |       ||    33
       Constrict         |    14 |    10 ||    24
       Unarmed           |     3 |       ||     3
       Tentacles         |     3 |     7 ||    10
       Rapier            |    24 |    53 ||    77
 Cast: Sting             |    12 |     9 ||    21
  Use: Scroll            |     2 |       ||     2
 Stab: Sleeping          |    18 |     5 ||    23
       Distracted        |       |     1 ||     1
Armor: Skin              |     9 |     6 ||    15
Dodge: Dodged            |    60 |    21 ||    81

Table legend: (Time is in decaauts)
 A = Elapsed time spent in this place.
 B = Non-inter-level travel time spent in this place.
 C = Inter-level travel time spent in this place.
 D = Time resting spent in this place.
 E = Time spent auto-exploring this place.
 F = Levels seen in this place.
 G = Mean time per level.
                   A        B        C        D        E       F      G
               +--------+--------+--------+--------+--------+-----+--------+
         Total |   4144 |   4037 |    107 |      0 |   3453 |   4 | 1036.0 |
       Dungeon |   4144 |   4037 |    107 |      0 |   3453 |   4 | 1036.0 |
               +--------+--------+--------+--------+--------+-----+--------+

Top non-repeatable levels by time:
     D:2: 1711 daAuts
     D:1: 1345 daAuts
     D:3: 786 daAuts
     D:4: 300 daAuts
